 Dungeon Crawl Stone Soup version 0.29.1-4-g47bece8355 (webtiles) character file.

Game seed: 11729503108644246723

130 fantasyman the Insei (level 5, 0/25 HPs)
             Began as a Vine Stalker Transmuter on Dec 3, 2022.
             Slain by a goblin
             ... wielding a +0 club
              (2 damage)
             ... on level 3 of the Dungeon on Dec 4, 2022.
             The game lasted 00:05:22 (3665 turns).

fantasyman the Insei (Vine Stalker Transmuter)      Turns: 3665, Time: 00:05:23

Health: 0/25       AC:  3    Str: 13    XL:     5   Next: 13%
Magic:  0/10       EV: 12    Int: 15    God:
Gold:   192        SH:  0    Dex: 14    Spells: 7/10 levels left

rFire   . . .      SeeInvis .     - Unarmed
rCold   . . .      Faith    .   (no shield)
rNeg    . . .      Spirit   +   a - +1 robe
rPois   .          Reflect  .   (helmet currently unavailable)
rElec   .          Harm     .   (no cloak)
rCorr   .          Rampage  .   (no gloves)
Will    .....                   (boots currently unavailable)
Stlth   ++........              i - amulet of regeneration
HPRegen 1.68/turn               (no ring)
MPRegen 0.12/turn               (no ring)

@: appendages
A: horns 2, talons 2, fangs 2, regeneration 1, magic shield, antimagic bite, no
potion heal 2
a: End Transformation


You were on level 3 of the Dungeon.
You had temporarily grown beastly horns and talons.
You visited 1 branch of the dungeon, and saw 3 of its levels.

You collected 192 gold pieces.

Inventory:

Armour
 a - a +1 robe (worn)
Jewellery
 c - a ring of resist corrosion
 i - an amulet of regeneration (around neck)
 j - a +4 ring of evasion
 l - a ring of protection from fire
Scrolls
 h - a scroll of brand weapon {unknown}
 k - a scroll of fear
 m - a scroll of immolation
 p - a scroll of blinking
Potions
 b - a potion of lignification
 d - a potion of resistance {unknown}
 e - a potion of degeneration {unknown}
 f - a potion of mutation {unknown}
 g - a potion of heal wounds {unknown}
 n - a potion of curing {unknown}
 q - a potion of might {unknown}
 r - a potion of cancellation {unknown}


   Skills:
 + Level 1.1 Fighting
 + Level 2.0 Dodging
 + Level 0.8 Stealth
 + Level 4.0 Unarmed Combat
 + Level 3.3 Spellcasting
 + Level 2.9 Transmutations


You had 7 spell levels left.
You knew the following spells:

 Your Spells              Type           Power      Damage    Failure   Level
a - Beastly Appendage     Tmut           22%        N/A       6%          1
b - Wereblood             Tmut           11%        N/A       9%          2

Your spell library contained the following spells:

 Spells                   Type           Power      Damage    Failure   Level
 Passwall                 Tmut/Erth      5%         N/A       16%         2
 Ensorcelled Hibernation  Hex/Ice        4%         N/A       30%         2
 Spider Form              Tmut/Pois      6%         N/A       32%         3
 Swiftness                Air            2%         N/A       52%         3
 Ice Form                 Ice/Tmut       6%         N/A       71%         4
 Passage of Golubria      Tloc           2%         N/A       89%         4
 Silence                  Hex/Air        1%         N/A       99%         5
 Lehudib's Crystal Spear  Conj/Erth      1%         10d2      100%        8


Dungeon Overview and Level Annotations

Branches:
Dungeon (3/15)

Altars:


Innate Abilities, Weirdness & Mutations

You have temporarily grown beastly horns and talons.
You have extremely sharp teeth.
Your natural rate of healing is unusually fast.
When hurt, damage is shared between your health and your magic reserves.
Your bite disrupts and absorbs the magic of your enemies.
Potions cannot restore your health.


Message History

The goblin attacks as you move away! The goblin hits you but does no damage.
Your transformation is almost over.
The goblin hits you but does no damage. The goblin hits you with a +0 club.
The goblin closely misses you.
There is a stone staircase leading up here.
The goblin barely misses you. x2
You climb upwards.
There is a stone staircase leading down here.
You closely miss the goblin. Your kick misses the goblin.
Your bite misses the goblin. The goblin hits you with a +0 dagger.
The goblin hits you with a +0 club.
You hit the goblin.
You kill the goblin!
Your horns disappear.
Your talons disappear.
The goblin hits you but does no damage.
You closely miss the goblin. You bite the goblin. You drain its power.
You feel invigorated.
The goblin is heavily wounded.
The goblin closely misses you.
You hit the goblin.
You kill the goblin!
No target in view!
You start waiting.
Done waiting.
You start waiting.
Done waiting.
You start waiting.
Done waiting.
You see here a +0 club.
There is a stone staircase leading down here.
You grow a pair of large bovine horns.
Your feet morph into talons.
You climb downwards.
The goblin hits you with a +0 club. The goblin closely misses you.
The ogre closely misses you. The goblin barely misses you.
The goblin hits you but does no damage.
There is a stone staircase leading up here.
The ogre hits you with a +0 giant club!!
Ouch! That really hurt!
* * * LOW HITPOINT WARNING * * *
The goblin hits you with a +0 club.
You die...

#)### #.#.###
#.).# ##.#.#
##..###..#.##
#...........##
#.#..........##
#.##..........#
#.##..........#
####......(g..#
##.....@O..#
.###....g..#
...........##
...##......##
... #.....)..##
.. ##.....[<..#
. #.......#..#
#........_##
#........####


You could see an ogre and 2 goblins.

Vanquished Creatures
  An orc wizard (D:3)
  4 adders
  A worm (D:2)
  A dart slug (D:2)
  3 orcs
  3 endoplasms
  4 giant cockroaches
  13 goblins
  5 hobgoblins
  4 quokkas
  3 ball pythons
  5 bats
  4 frilled lizards (D:2)
  2 kobolds (D:1)
  4 rats
57 creatures vanquished.

Notes
Turn   | Place    | Note
-------+----------+-------------------------------------------
     0 | D:1      | fantasyman the Vine Stalker Transmuter began the quest for
                  | the Orb.
     0 | D:1      | Reached XP level 1. HP: 9/9 MP: 4/4
   477 | D:1      | Reached XP level 2. HP: 12/14 MP: 4/6
  1675 | D:2      | Reached XP level 3. HP: 16/17 MP: 4/7
  2396 | D:2      | Gained mutation: Your natural rate of healing is unusually
                  | fast. [Vine Stalker growth]
  2396 | D:2      | Reached XP level 4. HP: 21/21 MP: 7/9
  2648 | D:2      | Reached skill level 1 in Fighting
  2661 | D:2      | Learned a level 2 spell: Wereblood
  3069 | D:3      | Found a faded altar of an unknown god.
  3286 | D:3      | Reached skill level 4 in Unarmed Combat
  3286 | D:3      | Reached XP level 5. HP: 25/25 MP: 6/10
  3335 | D:3      | Noticed an ogre
  3665 | D:3      | Slain by a goblin

Illustrated notes

Levels and vault maps discovered:
D:1:      arrival_zaba_pyramid, layout_basic
D:2:      layout_basic
D:3:      minmay_skewed_foursquare, layout_rooms, ebering_ecumenical_altar_rust,
          minmay_misc_feat_cross, minmay_ogre_servants

Skill      XL: |  1  2  3  4 |
---------------+-------------+-----
Spellcasting   | 3 |  3.3
Fighting       | 1 |  1.1
Dodging        | 2 |  2.0
Unarmed Combat | 4 |  4.0
Stealth        | |  0.8
Transmutations | |  2.9

Action                   |  1- 3 |  4- 6 || total
-------------------------+-------+-------++-------
Melee: Unarmed           |    79 |    72 ||   151
       Kick              |    18 |    11 ||    29
       Headbutt          |     6 |     6 ||    12
       Bite              |    17 |     9 ||    26
       Punch             |     1 |     1 ||     2
 Cast: Beastly Appendage |    28 |    15 ||    43
  Use: Scroll            |       |     5 ||     5
 Stab: Sleeping          |     1 |     1 ||     2
Armor: Robe              |    10 |    26 ||    36
Dodge: Dodged            |    44 |    59 ||   103
